 Dungeon Crawl Stone Soup version 0.30.1 (webtiles) character file.

Game seed: 9306930564311543342

88070 safid the Gelid (level 15, -10/132 HPs)
             Began as a Merfolk Ice Elementalist on July 7, 2023.
             Was a High Priest of Vehumet.
             Mangled by a sun demon (15 damage)
             ... summoned by Frances
             ... on level 13 of the Dungeon.
             The game lasted 01:21:16 (29429 turns).

safid the Gelid (Merfolk Ice Elementalist)         Turns: 29429, Time: 01:21:16

Health: -10/132    AC:  5    Str:  9    XL:     15   Next: 92%
Magic:  0/29       EV: 15    Int: 25    God:    Vehumet [*****.]
Gold:   1472       SH:  0    Dex: 14    Spells: 13/34 levels left

rFire   . . .        O - +7 battleaxe of Ulluongo {protect, rPois}
rCold   + + .        (shield currently unavailable)
rNeg    + . .        J - +4 troll leather armour of Disguise {*Corrode rElec rC+ rN+ Regen+}
rPois   +            M - +2 helmet {Int+3}
rElec   +            (no cloak)
rCorr   .            L - +2 pair of gloves of the Witching Gods {Will+ Regen+ Slay-5}
SInv    .            h - +2 pair of boots
Will    +++..        a - amulet of guardian spirit
Stlth   ++           H - ring of protection from cold
HPRegen 2.02/turn    n - ring of willpower
MPRegen 0.21/turn

%: corrode self (3%), guardian spirit
@: about to teleport, corroded, very slightly contaminated
A: (nimble swimmer 2), mertail
a: Renounce Religion


You were on level 13 of the Dungeon.
You worshipped Vehumet.
Vehumet was extremely pleased with you.
You visited 6 branches of the dungeon, and saw 25 of its levels.
You also visited: Gauntlet and Ice Cave.

You collected 1909 gold pieces.
You spent 437 gold pieces at shops.

Inventory:

Hand Weapons
 O - the +7 battleaxe of Ulluongo (weapon) {protect, rPois}
   (You found it on level 11 of the Dungeon)

   rPois:     It protects you from poison.
Armour
 h - a +2 pair of boots (worn)
 F - a +1 robe of positive energy
 J - the +4 troll leather armour of Disguise (worn) {*Corrode rElec rC+ rN+ Regen+}
   (You took it off a minotaur in a Gauntlet)

   rC:        It protects you from cold.
   rElec:     It insulates you from electricity.
   rN:        It protects you from negative energy.
   Regen:     It increases your rate of health regeneration.
   *Corrode:  It may corrode you when you take damage.
 L - the +2 pair of gloves of the Witching Gods (worn) {Will+ Regen+ Slay-5}
   (You found it on level 4 of the Lair of Beasts)

   Slay:      It affects your accuracy & damage with ranged weapons and melee
   (-5).
   Regen:     It increases your rate of health regeneration.
   Will:      It increases your willpower.
 M - a +2 helmet of intelligence (worn)
Jewellery
 a - an amulet of guardian spirit (around neck)
 n - a ring of willpower (right hand)
 q - a ring of flight
 u - a ring of see invisible
 H - a ring of protection from cold (left hand)
 I - a ring of wizardry
Wands
 i - a wand of flame (25)
 s - a wand of digging (6)
 y - a wand of roots (17)
 A - a wand of paralysis (8)
 C - a wand of polymorph (6)
 D - a wand of mindburst (22)
Scrolls
 b - a scroll of fear {unknown}
 d - 4 scrolls of amnesia
 j - 4 scrolls of fog
 k - 3 scrolls of teleportation
 o - 2 scrolls of magic mapping
 r - 2 scrolls of silence
 w - 2 scrolls of butterflies
 E - 4 scrolls of enchant armour
Potions
 c - a potion of brilliance
 e - 2 potions of ambrosia
 f - a potion of heal wounds
 g - 4 potions of flight
 l - 4 potions of berserk rage {unknown}
 p - 2 potions of experience {unknown}
 t - a potion of cancellation {unknown}
 v - 4 potions of curing
 x - a potion of resistance {unknown}
 B - 2 potions of haste
 G - 3 potions of mutation {unknown}
 N - 2 potions of might {unknown}


   Skills:
 + Level 16.6 Fighting
 - Level 3.0 Armour
 - Level 8.0 Dodging
 - Level 2.1 Stealth
 - Level 10.0 Spellcasting
 * Level 4.9 Conjurations
 - Level 4.0 Translocations
 + Level 5.3 Transmutations
 + Level 19.6 Ice Magic


You had 13 spell levels left.
You knew the following spells:

 Your Spells              Type           Power      Damage    Failure   Level
a - Irradiate             Conj/Tmut      19%        3d18      6%          5
b - Frozen Ramparts       Ice            100%       1d16      0%          3
c - Ozocubu's Armour      Ice            84%        N/A       0%          3
d - Ozocubu's Refrigerat  Ice            42%        4d16      1%          7
e - Blink                 Tloc           64%        N/A       1%          2
f - Freeze                Ice            100%       1d10      0%          1

Your spell library contained the following spells:

 Spells                   Type           Power      Damage    Failure   Level
 Arcjolt                  Conj/Air       12%        1d22      17%         5
 Beastly Appendage        Tmut           78%        N/A       1%          1
 Shock                    Conj/Air       96%        1d9       1%          1
 Ensorcelled Hibernation  Hex/Ice        100%       N/A       1%          2
 Lesser Beckoning         Tloc           64%        N/A       1%          2
 Momentum Strike          Conj/Tloc      68%        3d9       1%          2
 Static Discharge         Conj/Air       48%        2-4/arc   1%          2
 Wereblood                Tmut           39%        N/A       1%          2
 Summon Ice Beast         Ice/Summ       57%        N/A       1%          4
 Dazzling Flash           Conj/Hex       48%        N/A       2%          3
 Gell's Gravitas          Tloc           32%        N/A       3%          3
 Teleport Other           Tloc           32%        N/A       3%          3
 Spider Form              Tmut/Pois      25%        N/A       7%          3
 Sublimation of Blood     Necr           12%        N/A       10%         2
 Airstrike                Air            6%         2d(1-17)  17%         4
 Swiftness                Air            12%        N/A       21%         3
 Tukima's Dance           Hex            12%        N/A       21%         3
 Petrify                  Tmut/Erth      25%        N/A       22%         4
 Anguish                  Hex/Necr       6%         N/A       54%         4
 Cause Fear               Hex            6%         N/A       54%         4
 Summon Lightning Spire   Summ/Air       12%        N/A       54%         4
 Conjure Ball Lightning   Conj/Air       12%        3x3d6     65%         6
 Enfeeble                 Hex            6%         N/A       100%        7
 Discord                  Hex            6%         N/A       100%        8
 Disjunction              Tloc           16%        N/A       100%        8


Dungeon Overview and Level Annotations

Branches:
Dungeon (14/15)            Temple (1/1) D:7            Lair (5/5) D:9
  Swamp (1/4) Lair:2       Spider (2/4) Lair:3        Slime (0/5) Lair:5
    Orc (2/2) D:10            Elf (0/3) Orc:2        Vaults (0/5) D:13
  IceCv (visited)         Gauntlet (visited)

Altars:
Ashenzari
Cheibriados
Dithmenos
Elyvilon
Fedhas
Gozag
Hepliaklqana
Kikubaaqudgha
Makhleb
Nemelex Xobeh
Okawaru
Qazlal
Ru
Sif Muna
Trog
Uskayaw
Vehumet
Wu Jian
Xom
Yredelemnul
Zin
The Shining One
Lugonu

Shops:
Orc:2 [*(:

Portals:
Abyss: Lair:5
Trove: D:12 (show abyssal rune of Zot)

Annotations:
D:5 1 runed translucent door, bzaaaaa's ghost, novice DEEE
D:11 1 runed translucent door, Wentworth's ghost, novice TrFi
D:12 2 transporters, xerfel's ghost, journeyman DjFE
D:13 Azrael; Frances; Rupert
Lair:1 1 runed translucent door, GimliDwarf's ghost, journeyman GnWn
Lair:3 exclusion: oklob plant
Spider:2 Asterion
Orc:1 3 runed translucent doors, Bloodjewel's ghost, journeyman HOMo


Innate Abilities, Weirdness & Mutations

((You are very nimble when in or above water. (Stealth+, EV+, Speed+++)))
Your lower body shifts to a powerful aquatic tail in water.


Message History

Frances closely misses you.
The orc knight hits you but does no damage.
The rust devil misses you. Frances misses you.
The orc knight barely misses you.
Frances hits you with a +2 scimitar of flaming!
* * * LOW HITPOINT WARNING * * *
Frances burns you.
* * * LOW HITPOINT WARNING * * *
The smoke demon gestures at you. The sticky flame misses you.
Unknown command.
Casting: Irradiate (dangerous; 6% risk of failure)
Confirm with . or Enter, or press ? or * to list all spells.
You don't have enough magic to cast this spell.
Unknown command.
Okay, then.
You feel much better.
Frances hits you with a +2 scimitar of flaming.
Frances burns you.
The orc knight hits you from afar with a +0 bardiche!!
* * * LOW HITPOINT WARNING * * *
The smoke demon hits you but does no damage. x3
Unknown command.
As you read the scroll of teleportation, it crumbles to dust.
You feel strangely unstable. Frances misses you.
The sun demon barely misses you.
Frances hits you with a +2 scimitar of flaming!!
* * * LOW HITPOINT WARNING * * *
Frances burns you.
* * * LOW HITPOINT WARNING * * *
The orc knight closely misses you. The sun demon closely misses you.
The smoke demon hits you but does no damage.
The smoke demon hits you.
* * * LOW HITPOINT WARNING * * *
The smoke demon hits you but does no damage.
Unknown command.
You feel much better. Frances barely misses you. The sun demon hits you!!
* * * LOW HITPOINT WARNING * * *
Your corrosive artefact corrodes you!
You are engulfed in flames!
You die...

##$........ #.....#.#..
##.pp#..##.###
##..o.#..##....
#..@p.....#.... ###
#.#............ ####..
...#.p.#........
#....#######..##........
#......@3o.(............
#......3@p.......#......
#...)..4..†.$....#......
#.......................
#.........).........=...
#....<∩...)†............
#....><.................
#........†....$.........
#.......................


You could see Frances (fast), an orc knight, a sun demon (summoned), a rust
devil (summoned, misshapen), a smoke demon (summoned) and a human.

Vanquished Creatures
  Kirke (D:12)
  An emperor scorpion (Spider:2)
  Aizul (Swamp:1)
  An orc warlord (Orc:2)
  Nessos (D:13)
  A minotaur (Gauntlet)
  2 entropy weavers (Spider:2)
  2 hydras
  Fannar (D:12)
  A catoblepas (Lair:4)
  A centaur warrior (D:13)
  Erica (Lair:2)
  2 death yaks (Lair:2)
  3 two-headed ogres
  2 boulder beetles
  4 orc high priests (Orc:2)
  2 skysharks (Lair:5)
  2 pharaoh ants
  A spriggan druid (Swamp:1)
  An orb spider (Lair:3)
  A goliath frog (Swamp:1)
  A lindwurm (Lair:4)
  4 orc sorcerers
  3 orc knights (Orc:2)
  2 wolf spiders
  5 ugly things
  2 moths of wrath
  12 elephants
  8 black mambas
  3 torpor snails
  An eye of devastation (Gauntlet)
  2 demonic crawlers (Spider:1)
  An unseen horror (D:10)
  2 smoke demons (Lair:5)
  3 gargoyles
  5 rime drakes
  13 cane toads
  Maggie (D:7)
  6 komodo dragons
  An efreet (D:13)
  10 trolls
  An ancient zyme (Lair:5)
  A polar bear (Lair:1)
  A queen bee (Lair:2)
  2 tyrant leeches (Swamp:1)
  A hornet (D:9)
  Prince Ribbit (D:7)
  9 tarantellas
  34 blink frogs
  22 dream sheep
  6 jumping spiders
  4 ynoxinuls (Lair:5)
  10 slime creatures
  A shadow (D:11)
  5 culicivoras
  2 spriggans (Swamp:1)
  10 humans (D:13)
  2 wyverns
  A golden eye (Gauntlet)
  4 hogs (D:12)
  41 yaks
  6 basilisks
  A steam dragon (D:7)
  17 redbacks
  6 vampire mosquitoes
  Menkaure (D:5)
  3 wargs
  8 water moccasins
  3 acid dragons
  Duvessa (D:7)
  A floating eye (Gauntlet)
  3 black bears
  30 orc warriors
  3 ice beasts
  2 ogres
  A sky beast (D:8)
  7 centaurs
  21 wolves
  5 bullfrogs
  4 scorpions
  10 small abominations (Lair:5)
  Dowan (D:7)
  18 killer bees
  2 howler monkeys
  5 electric eels
  A lava snake (D:8)
  2 quasits (D:5)
  2 hounds
  10 jellies
  18 orc priests
  5 sleepcaps
  Natasha (thrice) (D:2)
  Terence (D:2)
  3 iguanas
  27 orc wizards
  A gnoll (D:1)
  5 adders
  A shadow imp (D:5)
  3 white imps
  2 ufetubi
  7 dart slugs
  74 orcs
  10 ball pythons
  9 endoplasms
  7 giant cockroaches
  7 goblins
  14 hobgoblins
  3 jackals (D:2)
  10 kobolds
  3 quokkas
  10 bats
  6 frilled lizards
  7 rats
685 creatures vanquished.

Vanquished Creatures (others)
  A polar bear (Swamp:1)
  An orc (Orc:2)
2 creatures vanquished.

Grand Total: 687 creatures vanquished

Notes
Turn   | Place    | Note
-------+----------+-------------------------------------------
     0 | D:1      | safid the Merfolk Ice Elementalist began the quest for the
                  | Orb.
     0 | D:1      | Reached XP level 1. HP: 13/13 MP: 3/3
   133 | D:1      | Reached XP level 2. HP: 17/20 MP: 0/5
   194 | D:1      | Reached skill level 1 in Fighting
   499 | D:1      | Reached XP level 3. HP: 15/26 MP: 0/6
  1336 | D:2      | Reached skill level 5 in Ice Magic
  1336 | D:2      | Reached XP level 4. HP: 33/33 MP: 4/8
  1340 | D:2      | Learned a level 3 spell: Frozen Ramparts
  1344 | D:2      | Learned a level 3 spell: Ozocubu's Armour
  1389 | D:2      | Noticed Natasha
  1393 | D:2      | Killed Natasha
  1626 | D:2      | Noticed Natasha
  1635 | D:2      | Killed Natasha
  1636 | D:2      | Reached XP level 5. HP: 30/39 MP: 2/9
  2148 | D:2      | Noticed Terence
  2157 | D:2      | Killed Terence
  2376 | D:2      | Noticed Natasha
  2379 | D:2      | Killed Natasha
  2507 | D:3      | Found a faded altar of an unknown god.
  2620 | D:3      | Reached XP level 6. HP: 31/47 MP: 8/11
  3143 | D:3      | Found an iron altar of Okawaru.
  3390 | D:4      | Reached skill level 6 in Ice Magic
  3536 | D:4      | Found an opulent altar of Gozag.
  3757 | D:4      | Reached XP level 7. HP: 54/54 MP: 13/13
  3908 | D:4      | Found an ornate altar of the Wu Jian Council.
  4603 | D:5      | Entered Level 5 of the Dungeon
  4975 | D:5      | Reached skill level 5 in Fighting
  5060 | D:5      | Reached skill level 7 in Ice Magic
  5175 | D:5      | Reached skill level 5 in Spellcasting
  5175 | D:5      | Reached XP level 8. HP: 39/63 MP: 11/15
  5577 | D:5      | Noticed Menkaure
  5646 | D:5      | Found a runed translucent door.
  5646 | D:5      | Noticed bzaaaaa's ghost (novice DEEE)
  5656 | D:5      | Found a hide-covered altar of Uskayaw.
  5765 | D:5      | Killed Menkaure
  6052 | D:6      | Found a glowing golden altar of the Shining One.
  6240 | D:6      | Reached skill level 8 in Ice Magic
  6795 | D:6      | Reached XP level 9. HP: 71/71 MP: 14/18
  6905 | D:7      | Noticed Duvessa
  6908 | D:7      | Noticed Dowan
  6913 | D:7      | Killed Dowan
  6917 | D:7      | Killed Duvessa
  7144 | D:7      | Noticed Maggie
  7157 | D:7      | Killed Maggie
  7158 | D:7      | Reached skill level 9 in Ice Magic
  7675 | D:7      | Noticed Prince Ribbit
  7698 | D:7      | Killed Prince Ribbit
  7778 | D:7      | Found a staircase to the Ecumenical Temple.
  7785 | Temple   | Entered the Ecumenical Temple
  8262 | D:7      | Found a shadowy altar of Dithmenos.
  8590 | D:8      | Found a radiant altar of Vehumet.
  8598 | D:8      | Became a worshipper of Vehumet
  9092 | D:8      | Reached XP level 10. HP: 51/82 MP: 18/21
  9236 | D:8      | Reached skill level 10 in Ice Magic
  9385 | D:8      | Noticed a boulder beetle
  9429 | D:8      | Killed a boulder beetle
  9820 | D:9      | Found a white marble altar of Elyvilon.
  9926 | D:9      | Found a glowing silver altar of Zin.
 10061 | D:9      | Found a snail-covered altar of Cheibriados.
 10120 | D:9      | Noticed a two-headed ogre
 10126 | D:9      | Killed a two-headed ogre
 10127 | D:9      | Reached skill level 10 in Fighting
 10127 | D:9      | Reached skill level 11 in Ice Magic
 10394 | D:9      | Found a staircase to the Lair.
 10453 | D:10     | Entered Level 10 of the Dungeon
 10882 | D:10     | Noticed a cyan ugly thing
 11215 | D:10     | Killed a cyan ugly thing
 11215 | D:10     | Reached * piety under Vehumet
 11215 | D:10     | Offered knowledge of Sandblast by Vehumet.
 11216 | D:10     | Reached XP level 11. HP: 42/92 MP: 17/23
 11693 | D:10     | Noticed a two-headed ogre
 11709 | D:10     | Killed a two-headed ogre
 11786 | D:10     | Reached skill level 12 in Ice Magic
 11953 | D:10     | Found a sparkling altar of Nemelex Xobeh.
 12821 | D:10     | Found a staircase to the Orcish Mines.
 12985 | Lair:1   | Entered Level 1 of the Lair of Beasts
 13163 | Lair:1   | Identified the +2 ring mail of Ru's Benevolence {+Inv}
 13705 | Lair:1   | Reached skill level 13 in Ice Magic
 13978 | Lair:1   | Found a runed translucent door.
 13982 | Lair:1   | Noticed GimliDwarf's ghost (journeyman GnWn)
 13982 | Lair:1   | Identified the +4 spear "Ugrufrer" {flame, Contam +Blink
                  | rN+ Int+2}
 14059 | Lair:1   | Noticed a wolf spider
 14067 | Lair:1   | Killed a wolf spider
 14068 | Lair:1   | Reached skill level 14 in Ice Magic
 14458 | Lair:1   | Reached XP level 12. HP: 94/102 MP: 19/24
 14930 | Lair:2   | Noticed Erica
 14938 | Lair:2   | Killed Erica
 14939 | Lair:2   | Reached skill level 15 in Ice Magic
 14997 | Lair:2   | Found a gate leading to a gauntlet.
 15006 | Gauntlet | Entered a Gauntlet
 15006 | Gauntlet | Found a transporter.
 15006 | Gauntlet | Found a transporter.
 15006 | Gauntlet | Found a transporter.
 15083 | Gauntlet | Found a transporter.
 15086 | Gauntlet | Found a transporter.
 15086 | Gauntlet | Found a transporter.
 15098 | Gauntlet | Found a transporter.
 15100 | Gauntlet | Found a transporter.
 15110 | Gauntlet | Found a transporter.
 15211 | Gauntlet | Found a transporter.
 15215 | Gauntlet | Found a transporter.
 15230 | Gauntlet | Found a transporter.
 15841 | Gauntlet | Reached skill level 16 in Ice Magic
 15880 | Gauntlet | Identified the +4 troll leather armour of Disguise
                  | {*Corrode rElec rC+ rN+ Regen+}
 15880 | Gauntlet | Noticed a minotaur
 15908 | Gauntlet | Killed a minotaur
 15926 | Gauntlet | Got the Quarto of the Sphinx
 16243 | Lair:2   | Found a staircase to the Swamp.
 16273 | Lair:2   | Noticed a death yak
 16273 | Lair:2   | Noticed a death yak
 16309 | Lair:2   | Killed a death yak
 16310 | Lair:2   | Reached skill level 1 in Armour
 16316 | Lair:2   | Killed a death yak
 16402 | Lair:2   | Offered knowledge of Poisonous Vapours by Vehumet.
 16402 | Lair:2   | Reached ** piety under Vehumet
 16595 | Lair:2   | Noticed a six-headed hydra
 16604 | Lair:2   | Killed a six-headed hydra
 16865 | Lair:3   | Found a hole to the Spider Nest.
 17090 | Lair:3   | Reached XP level 13. HP: 95/109 MP: 16/25
 17459 | Lair:3   | Learned a level 2 spell: Blink
 18082 | Lair:4   | Reached skill level 1 in Translocations
 18324 | Lair:4   | Reached skill level 17 in Ice Magic
 18442 | Lair:4   | Offered knowledge of Scorch by Vehumet.
 18792 | Lair:4   | Reached *** piety under Vehumet
 18997 | Lair:4   | Offered knowledge of Hailstorm by Vehumet.
 19088 | Lair:4   | Identified the +2 pair of gloves of the Witching Gods
                  | {Will+ Regen+ Slay-5}
 19483 | Lair:5   | Entered Level 5 of the Lair of Beasts
 19639 | Lair:5   | Found a staircase to the Slime Pits.
 19781 | Lair:5   | Reached skill level 18 in Ice Magic
 19783 | Lair:5   | Reached **** piety under Vehumet
 19785 | Lair:5   | Reached XP level 14. HP: 116/121 MP: 22/26
 19814 | Lair:5   | Offered knowledge of Inner Flame by Vehumet.
 20295 | Lair:5   | Reached skill level 15 in Fighting
 21136 | Lair:5   | Reached ***** piety under Vehumet
 21143 | Lair:5   | Offered knowledge of Starburst by Vehumet.
 22467 | Lair:5   | Identified the staff of fire "Omuysin" {*Slow rElec rF+
                  | Str+6 Int+3}
 22685 | Lair:5   | Found a corrupted altar of Lugonu.
 22685 | Lair:5   | Found a one-way gate to the infinite horrors of the Abyss.
 22822 | Orc:1    | Entered Level 1 of the Orcish Mines
 22950 | Orc:1    | Found a runed translucent gate.
 22950 | Orc:1    | Found a runed translucent gate.
 22950 | Orc:1    | Found a runed translucent gate.
 22950 | Orc:1    | You fall into a shaft and drop 1 floor!
 22950 | Orc:2    | Entered Level 2 of the Orcish Mines
 23091 | Orc:2    | Reached skill level 19 in Ice Magic
 23242 | Orc:2    | Noticed an orc warlord
 23257 | Orc:2    | Found Hiterhuawn's General Store.
 23257 | Orc:2    | Found Ifaku's Book Shoppe.
 23268 | Orc:2    | Offered knowledge of Ozocubu's Refrigeration by Vehumet.
 23280 | Orc:2    | Learned a level 7 spell: Ozocubu's Refrigeration
 23318 | Orc:2    | Killed an orc warlord
 23319 | Orc:2    | Reached skill level 10 in Spellcasting
 23419 | Orc:2    | Bought a book of Alchemy for 392 gold pieces
 23425 | Orc:2    | Learned a level 5 spell: Irradiate
 23428 | Orc:2    | Bought a potion of curing for 45 gold pieces
 23430 | Orc:2    | Found Ceuvutiy's Antique Armour Emporium.
 23430 | Orc:2    | Found Omadigeif's Antique Weapon Emporium.
 23492 | Orc:2    | Reached XP level 15. HP: 131/131 MP: 29/29
 23617 | Orc:2    | Found a staircase to the Elven Halls.
 23865 | Orc:1    | Found a burning altar of Makhleb.
 23946 | Orc:1    | Noticed Bloodjewel's ghost (journeyman HOMo)
 24023 | Orc:1    | Reached skill level 1 in Conjurations
 24023 | Orc:1    | Reached skill level 1 in Transmutations
 24299 | D:11     | Identified the +7 battleaxe of Ulluongo {protect, rPois}
 24387 | D:11     | You fall into a shaft and drop 3 floors!
 24437 | D:13     | Noticed Frances
 24452 | D:13     | Noticed Rupert
 24471 | D:13     | Reached skill level 5 in Dodging
 24493 | D:13     | Identified the +8 scale mail of the Gastropod {Fly rPois
                  | rF- rN+++}
 24755 | D:11     | Found a runed translucent door.
 24756 | D:11     | Noticed Wentworth's ghost (novice TrFi)
 25212 | D:12     | Noticed Fannar
 25229 | D:12     | Killed Fannar
 25369 | D:12     | Noticed Kirke
 25381 | D:12     | Killed Kirke
 25382 | D:12     | Found a portal to a secret trove of treasure.
 25630 | D:12     | Found a transporter.
 25630 | D:12     | Noticed xerfel's ghost (journeyman DjFE)
 25630 | D:12     | Noticed an orc warlord
 25829 | D:12     | Found a transporter.
 25968 | D:13     | Noticed Azrael
 26094 | Swamp:1  | Entered Level 1 of the Swamp
 26116 | Swamp:1  | Noticed Aizul
 26153 | Swamp:1  | Killed Aizul
 26294 | Swamp:1  | Found a frozen archway.
 26299 | Swamp:1  | Offered knowledge of Arcjolt by Vehumet.
 26319 | IceCv    | Entered an ice cave
 26447 | IceCv    | HP: 4/132 [ice dragon (7)]
 26624 | Spider:1 | Entered Level 1 of the Spider Nest
 28802 | Spider:2 | Noticed an emperor scorpion
 28817 | Spider:2 | Killed an emperor scorpion
 28818 | Spider:2 | Reached skill level 5 in Transmutations
 29007 | Spider:2 | Noticed Asterion
 29393 | D:13     | Found a gate to the Vaults.
 29393 | D:13     | Noticed Nessos
 29399 | D:13     | Killed Nessos
 29428 | D:13     | HP: 4/132 [Frances/+2 scimitar of flaming (4)]
 29429 | D:13     | Mangled by a sun demon

Illustrated notes

Levels and vault maps discovered:
D:1:      scummos_arrival_checkerplants, layout_basic, minmay_split_cup_small
D:2:      layout_loops_corners, uniq_terence, uniq_natasha
D:3:      layout_basic, pf_just_have_faith, shapermc_ecumenical_altar_notcrosses
D:4:      cheibrodos_old_hovel, layout_basic, nicolae_wu_jian_wuxing_cycle,
          grunt_gozag_breadcrumbs
D:5:      layout_gridville, mainiacjoe_overflow_paths, serial_demonic,
          serial_demonic_a, serial_demonic_a, serial_demonic_g,
          serial_demonic_g, gammafunk_ghost_grave, uniq_menkaure
D:6:      layout_loops_ring, mainiacjoe_overflow_boulevard
D:7:      layout_gridville, grunt_dithmenos_smoke_and_mirrors,
          minmay_temple_entry_butterflies, minivault_19, serial_park_tiny_2,
          minmay_misc_feat_enclosed, uniq_maggie, uniq_duvessa,
          uniq_prince_ribbit1
D:8:      layout_basic, overflow_temple_1_default, kennysheep_doodads
D:9:      layout_loops_cross, mainiacjoe_overflow_tiny_flanked,
          mainiacjoe_overflow_chevrons, kennysheep_slug_shrine,
          grunt_lair_entry_orc_guard_hut, amcnicky_mini_pool_small
D:10:     layout_layer_cave, nemelex_spade_bored_becter, erik_orc_2
D:11:     layout_roguey, ebering_ghost_reflecting_pool, dk_vineyard_2
D:12:     layout_roguey, nicolae_trove_entry_free_sample, gammafunk_ghost_arena,
          uniq_kirke, uniq_fannar
D:13:     layout_cave_pools, david_vaults_3, uniq_frances, uniq_azrael
D:14:     layout_small_grid, basic_altar, serial_shops,
          nicolae_shop_back_alley_shop, roderic_roman_lattice,
          nicolae_transporter_circle
Temple:   hellmonk_temple_of_storms
Lair:1:   layout_gridlike, ebering_ghost_funeral_grove,
          cheibrodos_lair_caveside_slide, nicolae_lair_run_with_the_wolves
Lair:2:   layout_loops_ring, swamp_mist_pool, special_room [special_room_bee],
          gauntlet_entry_generic, serial_rivers, chequers_serial_rivers_marsh,
          chequers_serial_rivers_room_b, chequers_serial_rivers_micro_a,
          chequers_serial_rivers_micro_d, chequers_serial_rivers_large_a,
          uniq_erica
Lair:3:   layout_cave_pods, nicolae_spider_entry_orb_guardian
Lair:4:   layout_loops_ring, st_stairs_4, minivault_26, grunt_megastairs_2,
          serial_bayou_shore_a, serial_bayou_shore_b
Lair:5:   hellmonk_lair_end_abyssal_woods, layout_layer_cave,
          minmay_slime_entry_pillars, chequers_serial_rivers_small_a,
          st_stairs_4
Swamp:1:  layout_basic_swamp, portal_ice_cave_entry_pillars_four,
          hangedman_swamp_lotus, uniq_aizul, uniq_louise
Spider:1: layout_spider_delve, nicolae_spider_twisty_arc_passages
Spider:2: layout_spider_delve, uniq_asterion, uniq_arachne
Orc:1:    layout_caves, basic_altar, gammafunk_ghost_necromancy
Orc:2:    st_orc_congregation, layout_diamond_mine, basic_altar

Skill      XL: |  1  2  3  4  5  6  7  8  9 10 11 12 13 14 15 |
---------------+----------------------------------------------+-----
Fighting       | 1 2 3 4 5 6 8 10 12 14 16 | 16.6
Ice Magic      | 5 6 7 8 9 11 14 16 18 19 | 19.6
Spellcasting   | 3 4 5 6 7 8 10 | 10.0
Dodging        | 4 8 |  8.0
Armour         | 3 |  3.0
Translocations | 4 |  4.0
Conjurations   | 4 |  4.9
Transmutations | 5 |  5.3
Stealth        | |  2.1

Action                     |  1- 3 |  4- 6 |  7- 9 | 10-12 | 13-15 || total
---------------------------+-------+-------+-------+-------+-------++-------
  Melee: Dagger            |    25 |       |       |       |       ||    25
         Hand axe          |    22 |   108 |   140 |   224 |   632 ||  1126
         Punch             |       |     1 |     1 |     3 |    10 ||    15
         Tailslap          |       |       |       |     9 |     2 ||    11
         Battleaxe         |       |       |       |       |   327 ||   327
   Cast: Freeze            |    39 |    16 |    18 |    69 |   151 ||   293
         Frozen Ramparts   |       |     4 |    33 |    64 |   130 ||   231
         Ozocubu's Armour  |       |     1 |    24 |    44 |   109 ||   178
         Irradiate         |       |       |       |       |    26 ||    26
         Ozocubu's Refrige |       |       |       |       |    14 ||    14
  Evoke: Wand              |       |       |       |     2 |       ||     2
    Use: Scroll            |       |       |     7 |    10 |    14 ||    31
         Potion            |       |       |       |     4 |    14 ||    18
   Stab: Sleeping          |     2 |     5 |     1 |       |     1 ||     9
         Distracted        |     1 |       |       |       |       ||     1
 Armour: Robe              |    21 |    47 |   129 |   146 |       ||   343
         Troll leather arm |       |       |       |    31 |  1189 ||  1220
         Skin              |       |       |       |    25 |       ||    25
  Dodge: Dodged            |    58 |   100 |   141 |   219 |  1441 ||  1959
